 Dungeon Crawl Stone Soup version 0.29.1 (webtiles) character file.

Game seed: 6117830934538802241

182 Iusername the Slasher (level 5, -2/46 HPs)
             Began as a Minotaur Fighter on Sept 13, 2022.
             Frozen to death by an endoplasm (3 damage)
             ... on level 3 of the Dungeon.
             The game lasted 00:04:53 (2566 turns).

Iusername the Slasher (Minotaur Fighter)            Turns: 2566, Time: 00:04:54

Health: -2/46      AC:  8    Str: 22    XL:     5   Next: 34%
Magic:  4/4        EV:  9    Int:  5    God:
Gold:   137        SH:  4    Dex: 10    Spells: 4/4 levels left

rFire   . . .      SeeInvis .   a - +0 long sword
rCold   . . .      Faith    .   c - +0 buckler
rNeg    . . .      Spirit   .   b - +0 scale mail
rPois   .          Reflect  .   (helmet restricted)
rElec   .          Harm     .   o - +0 cloak
rCorr   .          Rampage  .   (no gloves)
Will    .....                   (no boots)
Stlth   ..........              (no amulet)
HPRegen 0.15/turn               (no ring)
MPRegen 0.09/turn               (no ring)

@: no status effects
A: horns 2, retaliatory headbutt
a: no special abilities


You were on level 3 of the Dungeon.
You visited 1 branch of the dungeon, and saw 3 of its levels.

You collected 137 gold pieces.

Inventory:

Hand Weapons
 a - a +0 long sword (weapon)
Armour
 b - a +0 scale mail (worn)
 c - a +0 buckler (worn)
 o - a +0 cloak (worn)
Jewellery
 i - a ring of poison resistance
Wands
 d - a wand of quicksilver (4)
Scrolls
 e - a scroll of teleportation {unknown}
 f - 4 scrolls of identify {unknown}
 h - a scroll of noise {unknown}
 l - a scroll of vulnerability {unknown}
 m - a scroll of fog {unknown}
Potions
 g - a potion of berserk rage {unknown}
 j - a potion of cancellation
 k - a potion of curing {unknown}
 n - a potion of flight {unknown}


   Skills:
 + Level 4.2 Fighting
 + Level 5.1 Long Blades
 + Level 4.5 Armour
 + Level 1.0 Dodging
 + Level 0.1 Stealth
 + Level 4.1 Shields


You had 4 spell levels left.
You didn't know any spells.
Your spell library was empty.

Dungeon Overview and Level Annotations

Branches:
Dungeon (3/15)

Altars:

Shops:
D:2 =(*

Annotations:
D:3 Sigmund


Innate Abilities, Weirdness & Mutations

You have a pair of horns on your head.
You reflexively headbutt those who attack you in melee.


Message History

The endoplasm freezes you.
You are frozen.
Sigmund hits you from afar with a +0 scythe.
The goblin hits you but does no damage. The goblin attacks as you move away!
The goblin hits you with a +0 dagger. The endoplasm hits you.
Sigmund gestures wildly while chanting.
Sigmund flickers and vanishes!
Deactivating autopickup; reactivate with Ctrl-A.
You bump into the rock wall.
The endoplasm hits you but does no damage.
The goblin hits you with a +0 dagger.
You closely miss the goblin. The endoplasm freezes you.
You are frozen.
The goblin closely misses you. Something hits you.
You bump into the rock wall.
You feel less confused. The goblin hits you with a +0 dagger.
The endoplasm closely misses you.
You hit the goblin.
The goblin is severely wounded.
The endoplasm freezes you.
You are frozen.
* * * LOW HITPOINT WARNING * * *
Something hits you.
* * * LOW HITPOINT WARNING * * *
The goblin hits you but does no damage.
It was a potion of cancellation.
You feel magically purged. The endoplasm hits you.
* * * LOW HITPOINT WARNING * * *
You block the goblin's attack. Something hits you.
* * * LOW HITPOINT WARNING * * *
You closely miss the goblin. You headbutt the goblin.
You kill the goblin!
The endoplasm freezes you.
You are frozen.
* * * LOW HITPOINT WARNING * * *
Something hits you but does no damage. The endoplasm freezes you.
You are frozen.
You die...

..........#
.......)..##
...........
....[.....#
..........
.........##
..........########
....<....J........
.........)@.......
.......<..######..
......?...#
.........##
.........#
##.#.###.# #..#.
#.. #. #. ##. ..


You could see an endoplasm.

Vanquished Creatures
  Crazy Yiuf (D:2)
  Natasha (thrice) (D:2)
  2 adders (D:2)
  A worm (D:2)
  3 dart slugs
  4 bats (D:1)
  2 endoplasms
  2 giant cockroaches (D:1)
  9 goblins
  6 hobgoblins
  6 kobolds
  3 quokkas (D:1)
  4 ball pythons
  2 frilled lizards
  6 rats (D:1)
54 creatures vanquished.

Vanquished Creatures (others)
  2 fungi (D:2)
2 creatures vanquished.

Grand Total: 56 creatures vanquished

Notes
Turn   | Place    | Note
-------+----------+-------------------------------------------
     0 | D:1      | Iusername the Minotaur Fighter began the quest for the Orb.
     0 | D:1      | Reached XP level 1. HP: 19/19 MP: 0/0
   510 | D:1      | Found a faded altar of an unknown god.
   590 | D:1      | Reached XP level 2. HP: 26/27 MP: 1/1
   746 | D:1      | Reached skill level 3 in Long Blades
   753 | D:1      | Reached XP level 3. HP: 27/33 MP: 2/2
  1384 | D:2      | Found Loitzon's Assorted Antiques.
  1384 | D:2      | Noticed Natasha
  1390 | D:2      | Killed Natasha
  1391 | D:2      | Reached XP level 4. HP: 28/40 MP: 3/3
  1397 | D:2      | Noticed Natasha
  1403 | D:2      | Killed Natasha
  1404 | D:2      | Reached skill level 4 in Long Blades
  1410 | D:2      | Noticed Natasha
  1419 | D:2      | Killed Natasha
  1726 | D:2      | Found Duegeipp's Antique Weapon Shoppe.
  1787 | D:2      | Found Semaech's Jewellery Shoppe.
  1922 | D:2      | Reached XP level 5. HP: 46/46 MP: 4/4
  2188 | D:2      | Reached skill level 1 in Dodging
  2431 | D:2      | Found a runed translucent door.
  2432 | D:2      | Noticed Crazy Yiuf
  2440 | D:2      | Killed Crazy Yiuf
  2441 | D:2      | Reached skill level 5 in Long Blades
  2546 | D:3      | Noticed Sigmund
  2566 | D:3      | HP: 1/46 [frozen (3)]
  2566 | D:3      | Frozen to death by an endoplasm

Illustrated notes

Levels and vault maps discovered:
D:1:      minmay_arrival_arboretum_small, layout_rooms, basic_ecumenical_altar,
          st_stairs_13, kennysheep_nondescript, minmay_rat_gold_closets
D:2:      layout_basic, serial_shops, shop, nicolae_diamond_shop, shop,
          minmay_goblin_outpost, uniq_natasha, uniq_crazy_yiuf_cottage
D:3:      layout_rooms, nicolae_wu_jian_wuxing_cycle, gup_sewer_entry_glass,
          gammafunk_ghost_stat_death, uniq_sigmund

Skill      XL: |  1  2  3  4  5 |
---------------+----------------+-----
Fighting       | 4 |  4.2
Armour         | 4 |  4.5
Long Blades    | 3 4 5 |  5.1
Shields        | 4 |  4.1
Dodging        | 1 |  1.0
Stealth        | |  0.1

Action                   |  1- 3 |  4- 6 || total
-------------------------+-------+-------++-------
Melee: Long sword        |    89 |    56 ||   145
       Headbutt          |     6 |    10 ||    16
  Use: Potion            |       |     2 ||     2
Armor: Scale mail        |    47 |    25 ||    72
Dodge: Dodged            |    42 |    20 ||    62
Block: Buckler           |    23 |    15 ||    38
